 Dungeon Crawl Stone Soup version 0.31.0-4-g52a2dc7128 (webtiles) character file.

Game seed: 16186235303054321670

427 Strat the Trooper (level 6, 0/35 (36) HPs)
             Began as a Vine Stalker Necromancer on Jan 22, 2024.
             Slain by Grinder (2 damage)
             ... on level 4 of the Dungeon.
             The game lasted 00:06:30 (3055 turns).

Strat the Trooper (Vine Stalker Necromancer)        Turns: 3055, Time: 00:06:30

HP:   0/35 (36)     AC:  5    Str: 10    XL:     6   Next: 97%
MP:   0/10          EV: 10    Int: 15    God:
Gold: 1252          SH:  0    Dex: 17    Spells: 9/9 levels left

rFire   + . .        a - +1 scimitar (freeze)
rCold   . . .        (no shield)
rNeg    . . .        f - +0 ring mail
rPois   .            (no helmet)
rElec   .            (no cloak)
rCorr   .            (no gloves)
SInv    .            (no boots)
Will    .....        (no amulet)
Stlth   ++           g - ring of protection from fire
HPRegen 1.05/turn    (no ring)
MPRegen 0.12/turn

%: guardian spirit
@: lightly drained
A: fangs 2, regeneration 1, magic shield, antimagic bite, no potion heal 2
a: no special abilities


You were on level 4 of the Dungeon.
You visited 1 branch of the dungeon, and saw 4 of its levels.

You collected 1252 gold pieces.

Inventory:

Hand Weapons
 a - a +1 scimitar of freezing (weapon)
Armour
 f - a +0 ring mail (worn)
 m - a +0 robe
Jewellery
 d - a +5 ring of evasion
 g - a ring of protection from fire (left hand)
Scrolls
 c - a scroll of enchant armour {unknown}
 e - 2 scrolls of teleportation
 h - 2 scrolls of revelation
Potions
 b - a potion of magic
 i - a potion of degeneration {unknown}
 j - 2 potions of resistance
 k - a potion of heal wounds
 n - a potion of attraction
 o - a potion of lignification {unknown}


   Skills:
 + Level 6.2 Fighting
 - Level 1.5 Dodging
 - Level 2.4 Stealth
 - Level 2.1 Spellcasting
 - Level 4.0 Necromancy


You had 9 spell levels left.
You didn't know any spells.
Your spell library contained the following spells:

 Spells                   Type           Power      Damage    Failure   Level
 Necrotise                Necr           52%        1d6       11%         1
 Kiss of Death            Conj/Necr      28%        2d7       26%         1
 Fugue of the Fallen      Necr           13%        N/A       32%         3
 Vampiric Draining        Necr           13%        2d6       32%         3
 Animate Dead             Necr           13%        N/A       73%         4
 Dispel Undead            Necr           13%        3d9       73%         4
 Confusing Touch          Hex            1%         N/A       86%         3
 Ozocubu's Armour         Ice            1%         N/A       86%         3
 Curse of Agony           Necr           13%        N/A       97%         5
 Manifold Assault         Tloc           1%         N/A       99%         4


Dungeon Overview and Level Annotations

Branches:
Dungeon (4/15)
 Temple: D:4-7

Altars:

Shops:
D:1 [

Annotations:
D:4 Grinder


Innate Abilities, Weirdness & Mutations

You have extremely sharp teeth.
Your natural rate of healing is unusually fast.
When hurt, damage is shared between your health and your magic reserves.
Your bite disrupts and absorbs the magic of your enemies.
Potions cannot restore your health.


Message History

The orc priest is heavily wounded.
You feel sick.
The orc priest calls upon Beogh to heal the orc wizard.
The orc wizard's wounds heal themselves!
The orc wizard hits you but does no damage.
You barely miss the orc priest.
The orc priest is heavily wounded.
You feel sick.
You are no longer poisoned.
The orc priest miscasts a cantrip.
Grinder blinks!
The orc wizard hits you but does no damage.
The orc priest hits you with a +0 club.
* * * LOW HITPOINT WARNING * * *
You hit the orc priest but do no damage.
Your bite misses the orc priest.
The orc priest is heavily wounded.
Grinder gestures at you. Pain shoots through your body!
* * * LOW HITPOINT WARNING * * *
The orc wizard casts a spell.
The orc wizard flickers and vanishes!
The orc wizard closely misses you. The orc priest hits you with a +0 club.
The orc wizard misses you.
You hit the orc priest. You freeze the orc priest.
The orc priest is severely wounded.
The orc priest hits you but does no damage.
The orc wizard hits you with a +0 dagger.
* * * LOW HITPOINT WARNING * * *
You slash the orc priest! You freeze the orc priest.
You kill the orc priest!
Grinder hits you.
* * * LOW HITPOINT WARNING * * *
You writhe in agony.
* * * LOW HITPOINT WARNING * * *
The orc wizard hits you with a +0 dagger.
* * * LOW HITPOINT WARNING * * *
Grinder rolls her eyes.
Grinder hits you.
You die...
Grinder says, "Hey, I wasn't done torturing you yet!"

**...** ##.## #.# **,....**
###.).# #.*### ****,,.....**
#...#.#### #.##.#
,**,,,......####........####.#...
,,+,,,......oo...................
,**,,,......####...####..........
,***,,.....** #o.### #..###.#..#
,* **,....** #o$..# #.># #.#.##
,* **...** #@##.# #..# #.#.## ,*
*#'*#######5##.# #..# #....#
,***###,##..,..#.##.###..# ###..#
**,,,..o,..#*#.#.........#####..#
*,**##.##.###.####o####......[.#
**,*##..o#.........o# ########.#
**,*#..oooo)##5###### #.#
,,,,.....#.###o# #.# **,*###,*#o#
#.# #..


You could see Grinder, an orc wizard and an orc.

Vanquished Creatures
  Eustachio (D:4)
  A howler monkey (D:4)
  A bombardier beetle (D:4)
  A hound (D:3)
  2 orc priests (D:4)
  8 adders
  2 dart slugs
  2 ribbon worms (D:2)
  5 orcs (D:4)
  11 ball pythons
  3 endoplasms
  4 giant cockroaches
  8 hobgoblins
  2 jackals (D:1)
  3 quokkas
  5 bats
  5 frilled lizards
  5 goblins
  7 kobolds
  6 rats
82 creatures vanquished.

Notes
Turn   | Place    | Note
-------+----------+-------------------------------------------
     0 | D:1      | Strat the Vine Stalker Necromancer began the quest for the
                  | Orb.
     0 | D:1      | Reached XP level 1. HP: 9/9 MP: 4/4
    48 | D:1      | Reached skill level 1 in Fighting
    59 | D:1      | Reached XP level 2. HP: 7/14 MP: 1/6
   261 | D:1      | Reached skill level 2 in Fighting
   281 | D:1      | Found Ukkuteoq's Armour Shoppe.
   380 | D:1      | Reached XP level 3. HP: 18/18 MP: 5/7
   961 | D:2      | Reached skill level 3 in Fighting
   998 | D:2      | Reached XP level 4. HP: 23/24 MP: 5/8
  1028 | D:2      | Found a faded altar of an unknown god.
  1731 | D:3      | Reached skill level 4 in Fighting
  1731 | D:3      | Reached XP level 5. HP: 28/29 MP: 5/9
  2448 | D:4      | Identified a scroll of acquirement
  2448 | D:4      | Acquired 1059 gold pieces
  2746 | D:4      | Noticed Grinder
  2849 | D:4      | Reached skill level 5 in Fighting
  2849 | D:4      | Reached XP level 6. HP: 32/35 MP: 7/10
  2893 | D:4      | Noticed Eustachio
  2908 | D:4      | Killed Eustachio
  2909 | D:4      | Reached skill level 6 in Fighting
  3055 | D:4      | Slain by Grinder

Illustrated notes

Levels and vault maps discovered:
D:1:      lightli_arrival_quake, layout_basic, serial_shops, shop
D:2:      layout_basic, nicolae_ecumenical_lake_church,
          dreamdust_mushroom_princess
D:3:      layout_loops_ring
D:4:      layout_loops_corners, chequers_mini_garden, dk_vineyard_3,
          uniq_grinder, uniq_eustachio

Skill      XL: |  1  2  3  4  5  6 |
---------------+-------------------+-----
Fighting       | 1 2 3 4 5 6 |  6.2
Dodging        | |  1.5
Stealth        | |  2.4
Spellcasting   | |  2.1
Necromancy     | |  4.0

Action                     |  1- 3 |  4- 6 || total
---------------------------+-------+-------++-------
  Melee: Unarmed           |    23 |       ||    23
         Bite              |    13 |    33 ||    46
         War axe           |    46 |       ||    46
         Club              |     6 |       ||     6
         Scimitar          |    20 |   126 ||   146
         Punch             |       |     2 ||     2
    Use: Scroll            |       |    12 ||    12
         Potion            |       |     1 ||     1
   Stab: Sleeping          |     5 |       ||     5
         Distracted        |     1 |       ||     1
 Armour: Robe              |    68 |    18 ||    86
         Ring mail         |       |   116 ||   116
  Dodge: Dodged            |    68 |    90 ||   158
